PAAA
FLORIDA MEN @ BLOOMINGTON LONGNECKS
05/03/2034
 
TOP OF THE 1ST
Florida Men batting - Pitching for Bloomington Longnecks : LHP Marcos Tejedor
Pitching: LHP Marcos Tejedor
Batting: SHB Henrique de Senna Fernandes 0-0: Called Strike
0-1: Ball
1-1: Bunt missed!
1-2: Ball
2-2: Ground out 3-1 (Groundball, 34)
Batting: RHB Todd Sentell 0-0: Fly out, F9 (Flyball, 9D)
Batting: LHB Bastyăo Lizardo 0-0: Called Strike
0-1: Ball
1-1: SINGLE (Groundball, 34D)
Batting: RHB Jorge Díaz 0-0: Called Strike
0-1: Called Strike
0-2: Ball
1-2: Ball
2-2: Ball
3-2: Foul Ball, location: 2F
3-2: Fly out, F8 (Flyball, 8LXD)
Top of the 1st over - 0 runs, 1 hit, 0 errors, 1 left on base; Florida 0 - Bloomington 0
BOTTOM OF THE 1ST
Bloomington Longnecks batting - Pitching for Florida Men : RHP Joshua Long
Pitching: RHP Joshua Long
Batting: SHB Benedict Patel 0-0: Called Strike
0-1: Ball
1-1: Ball
2-1: Ball
3-1: Called Strike
3-2: Base on Balls
Batting: RHB Yu-shu Tseng 0-0: Called Strike
0-1: Ball
1-1: Called Strike
1-2: Foul Ball, location: 2F
1-2: Ball
2-2: Ball
3-2: Foul Ball, location: 2F
3-2: Base on Balls
Benedict Patel to second
Batting: RHB Toussiant L'Ouverture 0-0: Ball
Benedict Patel steals 3rd base
Yu-shu Tseng to second
1-0: SINGLE (Flyball, 78M)
Benedict Patel scores
Yu-shu Tseng to third
Batting: RHB Carlos Cardona 0-0: Foul Ball, location: 2F
0-1: Fly out, F4 (Line Drive, 4)
Batting: LHB Henk van Aardschot 0-0: Called Strike
0-1: Ball
1-1: Fly out, F9 (Flyball, 9S)
Runner from 3rd tags up, SCORES, throw made
Batting: RHB Sébastien Bernard 0-0: Ball
1-0: Foul Ball, location: 2F
1-1: Swinging Strike
1-2: Strikes out swinging
Bottom of the 1st over - 2 runs, 1 hit, 0 errors, 1 left on base; Florida 0 - Bloomington 2
TOP OF THE 2ND
Florida Men batting - Pitching for Bloomington Longnecks : LHP Marcos Tejedor
Batting: RHB Vojtech Farkas 0-0: Ball
1-0: Ground out U3 (Groundball, 3S)
Batting: RHB Jur Prokop 0-0: Called Strike
0-1: Ball
1-1: Foul Ball, location: 2F
1-2: Fly out, F5 (Line Drive, 56)
Batting: LHB Jim Halpert 0-0: Ball
1-0: Swinging Strike
1-1: Foul Ball, location: 2F
1-2: Fly out, F8 (Flyball, 8LD)
Top of the 2nd over - 0 runs, 0 hits, 0 errors, 0 left on base; Florida 0 - Bloomington 2
BOTTOM OF THE 2ND
Bloomington Longnecks batting - Pitching for Florida Men : RHP Joshua Long
Batting: LHB Daniel Faraday 0-0: Foul Ball, location: 2F
0-1: Ground out 3-1 (Groundball, 34)
Pitching: RHP Júlio Vázquez
Batting: RHB Tony Martínez 0-0: Called Strike
0-1: SINGLE (Flyball, 7S)
Batting: RHB Eun-bum Kim 0-0: Ball
1-0: Ball
2-0: Called Strike
2-1: Foul Ball, location: 2F
2-2: Fly out, F9 (Line Drive, 9LM)
Batting: SHB Benedict Patel 0-0: Called Strike
Tony Martínez steals 2nd base
0-1: Foul Ball, location: 2F
0-2: Ball
1-2: Foul Ball, location: 2F
1-2: Ball
2-2: Ball
3-2: SINGLE (Line Drive, 6MD)
Tony Martínez to third
Tony Martínez scores
Batting: RHB Yu-shu Tseng 0-0: Ball
1-0: Ball
2-0: Called Strike
2-1: Ball
3-1: Foul Ball, location: 2F
3-2: Strikes out swinging
Bottom of the 2nd over - 1 run, 2 hits, 0 errors, 1 left on base; Florida 0 - Bloomington 3
TOP OF THE 3RD
Florida Men batting - Pitching for Bloomington Longnecks : LHP Marcos Tejedor
Batting: RHB Dave Norton 0-0: Foul Ball, location: 2F
0-1: Ball
1-1: Ball
2-1: Foul Ball, location: 2F
2-2: Ground out 5-3 (Groundball, 5S)
Batting: SHB Spencer Landes 0-0: Ball
1-0: Swinging Strike
1-1: Ball
2-1: Foul Ball, location: 2F
2-2: Foul Ball, location: 2F
2-2: Foul Ball, location: 2F
2-2: SINGLE (Line Drive, 5D)
Batting: SHB Henrique de Senna Fernandes 0-0: Ball
1-0: SINGLE (Flyball, 89S)
Spencer Landes to second
Batting: RHB Todd Sentell 0-0: Called Strike
0-1: Swinging Strike
0-2: Ball
1-2: Ball
2-2: DOUBLE (Line Drive, 78XD)
Spencer Landes scores
Henrique de Senna Fernandes to third
Runner from 3rd tries for Home, SAFE, no throw
Batting: LHB Bastyăo Lizardo 0-0: Ground out 1-3 (Groundball, 13S)
Todd Sentell to third
Batting: RHB Jorge Díaz 0-0: Foul Ball, location: 2F
0-1: Ball
1-1: Called Strike
1-2: Ball
2-2: Foul Ball, location: 2F
2-2: Foul Ball, location: 2F
2-2: Foul Ball, location: 2F
2-2: Fly out, F4 (Popup, 4)
Top of the 3rd over - 2 runs, 3 hits, 0 errors, 1 left on base; Florida 2 - Bloomington 3
BOTTOM OF THE 3RD
Bloomington Longnecks batting - Pitching for Florida Men : RHP Júlio Vázquez
Batting: RHB Toussiant L'Ouverture 0-0: Ball
1-0: Ball
2-0: Foul Ball, location: 2F
2-1: Foul Ball, location: 2F
2-2: SINGLE (Flyball, 89M)
Batting: RHB Carlos Cardona 0-0: Called Strike
0-1: Foul Ball, location: 2F
0-2: Ball
1-2: Ball
2-2: SINGLE (Groundball, 4MD)
Toussiant L'Ouverture to second
Batting: LHB Henk van Aardschot 0-0: Ball
1-0: Ball
2-0: Called Strike
2-1: Called Strike
2-2: Foul Ball, location: 2F
2-2: Ball
3-2: Foul Ball, location: 2F
3-2: Fly out, F8 (Flyball, 78D)
Batting: RHB Sébastien Bernard 0-0: Called Strike
0-1: Ball
1-1: Called Strike
1-2: Foul Ball, location: 2F
1-2: SINGLE (Line Drive, 6MD)
Toussiant L'Ouverture to third
Carlos Cardona to second
Batting: LHB Daniel Faraday 0-0: Grounds into double play, 6-4-3 (Groundball, 6)
Bottom of the 3rd over - 0 runs, 3 hits, 0 errors, 2 left on base; Florida 2 - Bloomington 3
TOP OF THE 4TH
Florida Men batting - Pitching for Bloomington Longnecks : LHP Marcos Tejedor
Batting: RHB Vojtech Farkas 0-0: Called Strike
0-1: Ball
1-1: Fly out, F8 (Line Drive, 8LD)
Batting: RHB Jur Prokop 0-0: Ball
1-0: Swinging Strike
1-1: Foul Ball, location: 2F
1-2: Strikes out swinging
Batting: LHB Jim Halpert 0-0: Called Strike
0-1: Ball
1-1: Called Strike
1-2: Ball
2-2: SINGLE (Line Drive, 78M)
Batting: RHB Dave Norton 0-0: Ball
Jim Halpert steals 2nd base
1-0: Swinging Strike
1-1: Called Strike
1-2: Strikes out swinging
Top of the 4th over - 0 runs, 1 hit, 0 errors, 1 left on base; Florida 2 - Bloomington 3
BOTTOM OF THE 4TH
Bloomington Longnecks batting - Pitching for Florida Men : RHP Júlio Vázquez
Batting: RHB Tony Martínez 0-0: Called Strike
0-1: Ball
1-1: Ground out 6-3 (Groundball, 6)
Batting: RHB Eun-bum Kim 0-0: Ball
1-0: Ball
2-0: Foul Ball, location: 2F
2-1: Reached on error, E4 (Groundball, 4)
Batting: SHB Benedict Patel 0-0: Ball
1-0: Called Strike
1-1: Ball
Eun-bum Kim steals 2nd base
2-1: Ball
3-1: Foul Ball, location: 2F
3-2: Ground out 1-3 (Groundball, 13)
Eun-bum Kim to third
Batting: RHB Yu-shu Tseng 0-0: Foul Ball, location: 2F
0-1: Ball
1-1: SINGLE (Line Drive, 56D)
Eun-bum Kim scores
Batting: RHB Toussiant L'Ouverture 0-0: Ball
1-0: Ball
2-0: Called Strike
2-1: SINGLE (Groundball, 6MD)
Yu-shu Tseng to second
Runner from 2nd tries for 3rd, SAFE, no throw
Batting: RHB Carlos Cardona 0-0: Ball
1-0: Foul Ball, location: 2F
1-1: Fly out, F9 (Flyball, 9LD)
Bottom of the 4th over - 1 run, 2 hits, 1 error, 2 left on base; Florida 2 - Bloomington 4
TOP OF THE 5TH
Florida Men batting - Pitching for Bloomington Longnecks : LHP Marcos Tejedor
Batting: SHB Spencer Landes 0-0: Called Strike
0-1: Swinging Strike
0-2: Ball
1-2: Strikes out swinging
Batting: SHB Henrique de Senna Fernandes 0-0: Ball
1-0: Called Strike
1-1: Foul Ball, location: 2F
1-2: Ball
2-2: Foul Ball, location: 2F
2-2: Strikes out swinging
Batting: RHB Todd Sentell 0-0: Swinging Strike
0-1: Foul Ball, location: 2F
0-2: Ball
1-2: Ground out 4-3 (Groundball, 4)
Top of the 5th over - 0 runs, 0 hits, 0 errors, 0 left on base; Florida 2 - Bloomington 4
BOTTOM OF THE 5TH
Bloomington Longnecks batting - Pitching for Florida Men : RHP Júlio Vázquez
Batting: LHB Henk van Aardschot 0-0: Ball
1-0: Ball
2-0: Ball
3-0: Base on Balls
Batting: RHB Sébastien Bernard 0-0: Foul Ball, location: 2F
0-1: Bunted foul
0-2: Foul Ball, location: 2F
0-2: Ball
1-2: Grounds into double play, 6-4-3 (Groundball, 6)
Pitching: LHP Raymond Allan
Batting: LHB Daniel Faraday 0-0: Ground out 4-3 (Groundball, 4)
Bottom of the 5th over - 0 runs, 0 hits, 0 errors, 0 left on base; Florida 2 - Bloomington 4
TOP OF THE 6TH
Florida Men batting - Pitching for Bloomington Longnecks : LHP Marcos Tejedor
Batting: LHB Bastyăo Lizardo 0-0: Ball
1-0: Ball
2-0: Ground out 4-3 (Groundball, 4)
Batting: RHB Jorge Díaz 0-0: Ground out 5-3 (Groundball, 56)
Batting: RHB Vojtech Farkas 0-0: Ball
1-0: Ball
2-0: Ball
3-0: Ground out 6-3 (Groundball, 6)
Top of the 6th over - 0 runs, 0 hits, 0 errors, 0 left on base; Florida 2 - Bloomington 4
BOTTOM OF THE 6TH
Bloomington Longnecks batting - Pitching for Florida Men : LHP Raymond Allan
Batting: RHB Tony Martínez 0-0: SINGLE (Line Drive, 8LS)
Batting: RHB Eun-bum Kim 0-0: Ball
1-0: Sac Bunt - play at first, batter safe!
Tony Martínez to second
Batting: SHB Benedict Patel 0-0: Ball
Tony Martínez steals 3rd base
1-0: Fly out, F8 (Flyball, 8RXD)
Runner from 3rd tags up, SCORES, no throw
Batting: RHB Yu-shu Tseng 0-0: Grounds into double play, 6-4-3 (Groundball, 6)
Bottom of the 6th over - 1 run, 2 hits, 0 errors, 0 left on base; Florida 2 - Bloomington 5
TOP OF THE 7TH
Florida Men batting - Pitching for Bloomington Longnecks : LHP Marcos Tejedor
Pitching: RHP Dermot Eridge
Batting: RHB Jur Prokop 0-0: Foul Ball, location: 2F
0-1: Ball
1-1: Foul Ball, location: 2F
1-2: Ball
2-2: Ball
3-2: Base on Balls
Batting: LHB Jim Halpert 0-0: Ball
1-0: Ball
2-0: Ground out 4-3 (Groundball, 34)
Jur Prokop to second
Batting: RHB Dave Norton 0-0: Swinging Strike
0-1: Ball
1-1: SINGLE (Flyball, 89S)
Jur Prokop to third
Runner from 3rd tries for Home, SAFE, no throw
Batting: SHB Spencer Landes 0-0: Foul Ball, location: 2F
0-1: Foul Ball, location: 2F
0-2: Strikes out swinging
Batting: SHB Henrique de Senna Fernandes 0-0: Ball
1-0: Called Strike
1-1: Foul Ball, location: 2F
1-2: Fly out, F3 (Line Drive, 3L)
Top of the 7th over - 1 run, 1 hit, 0 errors, 1 left on base; Florida 3 - Bloomington 5
BOTTOM OF THE 7TH
Bloomington Longnecks batting - Pitching for Florida Men : LHP Raymond Allan
Batting: RHB Toussiant L'Ouverture 0-0: Ball
1-0: Foul Ball, location: 2F
1-1: Called Strike
1-2: Strikes out swinging
Batting: RHB Carlos Cardona 0-0: DOUBLE (Flyball, 8RXD)
Batting: LHB Henk van Aardschot 0-0: Ball
Wild Pitch!
Carlos Cardona to third
1-0: Ball
2-0: Swinging Strike
2-1: Ball
3-1: Base on Balls
Pinch Hitting: RHB Rob Gray 0-0: Ball
1-0: Ball
2-0: Ball
3-0: Called Strike
3-1: Base on Balls
Henk van Aardschot to second
Pinch Hitting: RHB Miguel Elías 0-0: Called Strike
0-1: Ball
1-1: Ball
2-1: Ball
3-1: Called Strike
3-2: Base on Balls
Carlos Cardona scores
Henk van Aardschot to third
Rob Gray to second
Pitching: RHP Tomás Vargas
Batting: RHB Tony Martínez 0-0: Fly out, F6 (Popup, 6MS)
Batting: RHB Eun-bum Kim 0-0: Ball
1-0: Called Strike
1-1: Called Strike
1-2: Ball
2-2: Strikes out swinging
Bottom of the 7th over - 1 run, 1 hit, 0 errors, 3 left on base; Florida 3 - Bloomington 6
TOP OF THE 8TH
Florida Men batting - Pitching for Bloomington Longnecks : RHP Dermot Eridge
Now at 1B: Rob Gray
Now in LF: Frank Crocker
Batting: RHB Todd Sentell 0-0: Ball
1-0: Ball
2-0: Ball
3-0: Called Strike
3-1: Foul Ball, location: 2F
3-2: Reached on error, E4 (Groundball, 4S)
Batting: LHB Bastyăo Lizardo 0-0: Ball
Wild Pitch!
Todd Sentell to second
1-0: Ball
2-0: Called Strike
2-1: Ground out 4-3 (Groundball, 4)
Todd Sentell to third
Batting: RHB Jorge Díaz 0-0: Foul Ball, location: 2F
0-1: Ground out U3 (Groundball, 34)
Batting: RHB Vojtech Farkas 0-0: Called Strike
0-1: Ball
1-1: Ball
2-1: Foul Ball, location: 2F
2-2: Foul Ball, location: 2F
2-2: Ground out 5-3 (Groundball, 56)
Top of the 8th over - 0 runs, 0 hits, 1 error, 1 left on base; Florida 3 - Bloomington 6
BOTTOM OF THE 8TH
Bloomington Longnecks batting - Pitching for Florida Men : RHP Tomás Vargas
Batting: SHB Benedict Patel 0-0: Swinging Strike
0-1: Foul Ball, location: 2F
0-2: Ball
1-2: Foul Ball, location: 2F
1-2: Ball
2-2: Foul Ball, location: 2F
2-2: Foul Ball, location: 2F
2-2: Strikes out looking
Batting: RHB Yu-shu Tseng 0-0: Called Strike
0-1: Ball
1-1: Swinging Strike
1-2: Foul Ball, location: 2F
1-2: Strikes out swinging
Batting: RHB Toussiant L'Ouverture 0-0: Ball
1-0: Called Strike
1-1: Foul Ball, location: 2F
1-2: Reached on error, E5 (Groundball, 5S)
Batting: RHB Carlos Cardona 0-0: Called Strike
0-1: Ball
1-1: Ball
2-1: Foul Ball, location: 2F
2-2: Ground out 4-3 (Groundball, 4M)
Bottom of the 8th over - 0 runs, 0 hits, 1 error, 1 left on base; Florida 3 - Bloomington 6
TOP OF THE 9TH
Florida Men batting - Pitching for Bloomington Longnecks : RHP Dermot Eridge
Pitching: RHP Mark Zaugg
Batting: RHB Jur Prokop 0-0: Ball
1-0: Ground out 3-1 (Groundball, 34S)
Batting: LHB Jim Halpert 0-0: Called Strike
0-1: Ball
1-1: Swinging Strike
1-2: SINGLE (Flyball, 78M)
Batting: RHB Dave Norton 0-0: Ball
1-0: Reached on error, E1 (Groundball, 13)
Jim Halpert to second
Batting: SHB Spencer Landes 0-0: Ball
1-0: Foul Ball, location: 2F
1-1: Called Strike
1-2: Grounds into double play, 3-6-3 (Groundball, 3)
Top of the 9th over - 0 runs, 1 hit, 1 error, 1 left on base; Florida 3 - Bloomington 6
Friday, March 29th, 2019 - OOTP Baseball 18.8 Build 76